 Dungeon Crawl Stone Soup version 0.17-a0-26-g7f25774 (webtiles) character file.

2 cbrotest the Skirmisher (level 1, 0/14 HPs)
             Began as an Imp Berserker on Mar 7, 2015.
             Was a Follower of Trog.
             Slain by a jackal (1 damage)
             ... on level 1 of the Dungeon.
             The game lasted 00:00:16 (121 turns).

cbrotest the Skirmisher (Imp Berserker)              Turns: 121, Time: 00:00:16

Health: 0/14       AC:  2    Str: 16    XL:     1   Next: 25%
Magic:  1/1        EV: 18    Int:  6    God:    Trog [*.....]
Gold:   0          SH:  0    Dex: 15    Spells: 0 memorised, 0 levels left

rFire  . . .     SeeInvis .     a - +0 mace
rCold  . . .     Clarity  .     b - +0 animal skin
rNeg   + + +     SustAb   .     (shield restricted)
rPois  ∞         Gourm    .     (helmet restricted)
rElec  .         Spirit   .     (no cloak)
rCorr  .         Warding  .     (gloves unavailable)
rMut   .         Rnd*Tele +     (boots unavailable)
MR     .....                    (no amulet)
Stlth  +.........               (no ring)
                                (no ring)

@: not resistant to hostile enchantments, very unstealthy
A: unfitting armour, blink 2, negative energy resistance 3, regeneration 1,
screaming 3, teleportitis 2, torment resistance
a: Blink, Burn Spellbooks, Berserk, Renounce Religion


You were on level 1 of the Dungeon.
You worshipped Trog.
Trog was aware of your devotion.
You were not hungry.

You visited 1 branch of the dungeon, and saw 1 of its levels.

Notes
Turn   | Place    | Note
--------------------------------------------------------------
     0 | D:1      | cbrotest, the Imp Berserker, began the quest for the Orb.
     0 | D:1      | Reached XP level 1. HP: 14/14 MP: 1/1
   121 | D:1      | Slain by a jackal

Inventory:

Hand weapons
 a - a +0 mace (weapon)
Armour
 b - a +0 animal skin (worn)
Comestibles
 c - a bread ration

Table legend:
 A = Turns spent in this place as a percentage of turns spent in the entire game.
 B = Non-inter-level travel turns spent in this place as a percentage of non-inter-level travel turns spent in the entire game.
 C = Inter-level travel turns spent in this place as a percentage of turns spent in this place.
 D = Turns resting spent in this place as a percentage of non-inter-level travel turns spent in this place.
 E = Turns spent auto-exploring this place as a percentage of non-inter-level travel turns spent in this place.
 F = Non-inter-level travel turns spent in this place divided by the number of levels of this place that you've seen.
                   A       B       C       D       E      F
               +-------+-------+-------+-------+-------+----------------------
         Total | 100.0 | 100.0 |   0.0 |   0.0 |  13.6 |  59.0
       Dungeon | 100.0 | 100.0 |   0.0 |   0.0 |  13.6 |  59.0
               +-------+-------+-------+-------+-------+----------------------


   Skills:
 + Level 3.6 Fighting
 + Level 3.3 Maces & Flails
 + Level 1.5 Armour
 + Level 2.9 Dodging


You couldn't memorise any spells.
You didn't know any spells.

Dungeon Overview and Level Annotations

Branches:
Dungeon (1/15)

Altars:


Innate Abilities, Weirdness & Mutations

You are immune to poison.
You are tiny and cannot use many weapons and most armour.
You are good at translocating small distances at will.
You are immune to negative energy.
Your natural rate of healing is unusually fast.
You frequently scream uncontrollably at your foes.
Space sometimes distorts in your vicinity.
You are immune to unholy pain and torment.


Message History

The jackal completely misses you. The jackal closely misses you.
The kobold barely misses you. The kobold closely misses you.
The jackal bites you but does no damage.
The jackal barely misses you. x2
The kobold misses you. The kobold closely misses you.
The jackal completely misses you. The jackal barely misses you.
The jackal closely misses you. The kobold barely misses you.
The kobold hits you. The jackal completely misses you.
The jackal bites you but does no damage. x2
The kobold barely misses you. x2
The jackal bites you.
* * * LOW HITPOINT WARNING * * *
The jackal misses you. The jackal closely misses you. The kobold hits you.
* * * LOW HITPOINT WARNING * * *
The kobold hits you.
* * * LOW HITPOINT WARNING * * *
The jackal bites you.
You die...

...#... ...)...#'####
....=..........
...............
..............
..#+##....#..##+# #
.......#..........#.#
.........###....Kh..#
.........+......@h..#
.........####..#K......#
.........####..#.#..##.#
.........#.....#.#.....
...............#.# .##..
.##............#.# .#
.+..####.......#.# #
.##.# ##......#.# .##.#
#......#.#


You could see 2 jackals and 2 kobolds.

Table legend:
 A = Kills in this place as a percentage of kills in entire the game.
 B = Kills by you in this place as a percentage of kills by you in the entire game.
 C = Kills by friends in this place as a percentage of kills by friends in the entire game.
 D = Other kills in this place as a percentage of other kills in the entire game.
 E = Experience gained in this place as a percentage of experience gained in the entire game.
 F = Experience gained in this place divided by the number of levels of this place that you have seen.
                   A       B       C       D       E      F
               +-------+-------+-------+-------+-------+----------------------
         Total | 100.0 | 100.0 |  -nan |  -nan | 100.0 |   3.0
       Dungeon | 100.0 | 100.0 |  -nan |  -nan | 100.0 |   3.0
               +-------+-------+-------+-------+-------+----------------------

Vanquished Creatures
  Monster Symbol All 'h'
  A jackal (D:1)
1 creature vanquished. All 'r' A rat (D:1)
1 creature vanquished.
2 creatures vanquished. Monster Nature Natural Monsters A jackal (D:1) A rat (D:1)
2 creatures vanquished.
2 creatures vanquished. Ascending Order A jackal (D:1) A rat (D:1)
2 creatures vanquished.

Action                   || total
-------------------------++-------
Melee: Mace              ||     9

Vault maps used:
D:1:      saegor_arrival_simple_e
